 Dungeon Crawl Stone Soup version 0.31-a0-232-gb1c03b2570 (webtiles) character file.

Game seed: 1069415440574023280

179 qw the Shooter (level 5, 0/45 HPs)
             Began as a Minotaur Hexslinger on July 7, 2023.
             Succumbed to Ijyb's poison
             ... on level 3 of the Dungeon.
             The game lasted 00:01:04 (2504 turns).

qw the Shooter (Minotaur Hexslinger)                Turns: 2504, Time: 00:01:05

Health: 0/45       AC:  4    Str: 12    XL:     5   Next: 33%
Magic:  5/5        EV: 12    Int: 10    God:
Gold:   57         SH:  0    Dex: 15    Spells: 5/6 levels left

rFire   . . .        Y - +1 sling
rCold   . . .        (no shield)
rNeg    . . .        l - +0 leather armour
rPois   .            (helmet restricted)
rElec   .            e - +0 cloak
rCorr   .            (no gloves)
SInv    .            (no boots)
Will    .....        (no amulet)
Stlth   +            (no ring)
HPRegen 0.27/turn    (no ring)
MPRegen 0.09/turn

%: no passive effects
@: lethally poisoned (0 -> -21)
A: horns 2, retaliatory headbutt
a: no special abilities


You were on level 3 of the Dungeon.
You visited 1 branch of the dungeon, and saw 3 of its levels.

You collected 57 gold pieces.


Innate Abilities, Weirdness & Mutations

You have a pair of horns on your head.
You reflexively headbutt those who attack you in melee.


   Skills:
 - Level 3.3 Fighting
 + Level 5.4 Ranged Weapons
 - Level 2.1 Dodging
 - Level 1.0 Spellcasting
 - Level 2.0 Hexes


You had 5 spell levels left.
You knew the following spells:

 Your Spells              Type           Power      Damage    Failure   Level
a - Slow                  Hex            16%        N/A       19%         1

Your spell library contained the following spells:

 Spells                   Type           Power      Damage    Failure   Level
 Inner Flame              Hex/Fire       2%         N/A       65%         3
 Portal Projectile        Hex/Tloc       4%         N/A       65%         3
 Cause Fear               Hex            2%         N/A       88%         4

Inventory:

Hand Weapons
 Y - a +1 sling (weapon)
Armour
 c - a +0 ring mail
 e - a +0 cloak (worn)
 l - a +0 leather armour (worn)
Scrolls
 a - a scroll of identify
Potions
 b - 3 potions of heal wounds {unknown}
 j - 2 potions of mutation {unknown}
 k - a potion of enlightenment {unknown}
 m - a potion of curing {unknown}

Dungeon Overview and Level Annotations

Branches:
Dungeon (3/15)

Altars:
Ashenzari
Qazlal
Ru
Uskayaw

Annotations:
D:3 Ijyb


Message History

Enter note:
Enter note:
Enter note:
Enter note:
Enter note:
Enter note:
Enter note: You shoot a sling bullet.
The sling bullet barely misses Ijyb.
You shoot a sling bullet. The sling bullet closely misses Ijyb.
You shoot a sling bullet. The sling bullet barely misses Ijyb.
You shoot a sling bullet. The sling bullet hits Ijyb.
Ijyb is lightly wounded.
You shoot a sling bullet.
The sling bullet hits Ijyb but does no damage.
Ijyb is lightly wounded.
Ijyb zaps a wand.
The roots erupt in riotous growth!
The grasping roots grab you!
Ijyb is unaffected.
The grasping roots constrict you.
You shoot a sling bullet. The sling bullet hits Ijyb.
Ijyb is lightly wounded.
Ijyb hits you with a +3 dagger of venom.
You are poisoned.
The grasping roots constrict you.
You shoot a sling bullet. The sling bullet closely misses Ijyb.
You feel sick.
Ijyb hits you with a +3 dagger of venom.
The grasping roots constrict you. Ijyb hits you but does no damage.
You are more poisoned.
The grasping roots constrict you.
The grasping roots release their grip on you.
You shoot a sling bullet. The sling bullet closely misses Ijyb.
You feel very sick. Ijyb barely misses you.
You shoot a sling bullet. The sling bullet hits Ijyb.
Ijyb is moderately wounded.
You feel very sick.
Ijyb hits you with a +3 dagger of venom!
You are more poisoned.
You shoot a sling bullet. The sling bullet barely misses Ijyb.
You die...

#.#...# #..##.#
...>.. ##.##.#
###.....##
##..#.##.........#
.##.#.##.........#
..#..............#
.................#
...#.#..........g#
.....##.........@#
.................#
...#.##..........#
..##.###........##
..##.##........).#
...#.............#
....##...........#
.................#
...####..........#


You could see Ijyb.

Vanquished Creatures
  Natasha (thrice) (D:3)
  An adder (D:2)
  5 worms
  An orc (D:3)
  11 endoplasms
  A giant cockroach (D:1)
  8 goblins
  8 hobgoblins
  6 jackals
  5 quokkas
  6 ball pythons
  7 bats
  2 frilled lizards
  7 kobolds
  3 rats
74 creatures vanquished.

Notes
Turn   | Place    | Note
-------+----------+-------------------------------------------
     0 | D:1      | qw the Minotaur Hexslinger began the quest for the Orb.
     0 | D:1      | Reached XP level 1. HP: 16/16 MP: 1/1
     0 | D:1      | 0 ||| qw: Version: 0.3-a-46-gb1f654a
     0 | D:1      | 0 ||| qw: Game counter: 2393
     0 | D:1      | 0 ||| qw: Melee chars always use a shield: true
     0 | D:1      | 0 ||| qw: God list: Okawaru
     0 | D:1      | 0 ||| qw: Allow faded altars: false
     0 | D:1      | 0 ||| qw: Do Orc after clearing Dungeon:15 true
     0 | D:1      | 0 ||| qw: Do second Lair branch before Depths: true
     0 | D:1      | 0 ||| qw: Lair rune preference: random
     0 | D:1      | 0 ||| qw: Goals: Normal
     0 | D:1      | 0 ||| PLANNING D:1-11
    42 | D:1      | Found a faded altar of an unknown god.
    60 | D:1      | Reached skill level 3 in Ranged Weapons
    75 | D:1      | Reached XP level 2. HP: 23/23 MP: 2/2
   591 | D:1      | Reached XP level 3. HP: 29/29 MP: 3/3
   813 | D:1      | 813 ||| UPGRADING to +0 cloak.
   818 | D:1      | 818 ||| UPGRADING to +0 leather armour.
   828 | D:1      | 828 ||| DROPPING +0 robe.
   829 | D:1      | 829 ||| READING 3 scrolls labelled HAC BUWNUSEKED.
   830 | D:1      | 830 ||| READING scroll labelled UXIEZ SEWUWI.
   831 | D:1      | 831 ||| READING scroll labelled HEROUS NIDOY.
   832 | D:1      | 832 ||| READING scroll labelled LACSUZ ORIDD.
   833 | D:1      | 833 ||| READING 2 scrolls of identify.
   833 | D:1      | 833 ||| IDENTIFYING cyan potion
   834 | D:1      | 834 ||| DROPPING scroll of poison.
   835 | D:1      | 835 ||| DROPPING potion of attraction.
  1018 | D:2      | Reached skill level 4 in Ranged Weapons
  1376 | D:2      | 1376 ||| FLEEEEING.
  1377 | D:2      | 1377 ||| FLEEEEING.
  1390 | D:2      | Reached XP level 4. HP: 36/36 MP: 4/4
  1835 | D:2      | 1835 ||| READING scroll labelled JOUPYR VAEDO.
  1836 | D:2      | 1836 ||| READING scroll labelled GEPIMI VIZXOA.
  1837 | D:2      | 1837 ||| READING 2 scrolls of identify.
  1837 | D:2      | 1837 ||| IDENTIFYING dark potion
  1838 | D:2      | 1838 ||| DROPPING potion of degeneration.
  1991 | D:3      | 1991 ||| FLEEEEING.
  1992 | D:3      | 1992 ||| FLEEEEING.
  1993 | D:3      | 1993 ||| FLEEEEING.
  1996 | D:3      | Noticed Natasha
  2008 | D:3      | HP: 5/36 [Natasha (6)]
  2010 | D:3      | HP: 1/36 [cerulean imp/+1 spear[Natasha] (4)]
  2011 | D:3      | Killed Natasha
  2012 | D:3      | Reached skill level 5 in Ranged Weapons
  2090 | D:3      | Noticed Natasha
  2091 | D:3      | 2091 ||| FLEEEEING.
  2161 | D:3      | Killed Natasha
  2162 | D:3      | Reached XP level 5. HP: 28/42 MP: 5/5
  2186 | D:3      | Noticed Natasha
  2194 | D:3      | Killed Natasha
  2195 | D:3      | Reached skill level 3 in Fighting
  2294 | D:3      | Found a stormy altar of Qazlal.
  2295 | D:3      | Found a broken altar of Ashenzari.
  2295 | D:3      | Found a sacrificial altar of Ru.
  2296 | D:3      | Found a hide-covered altar of Uskayaw.
  2494 | D:3      | Noticed Ijyb
  2503 | D:3      | HP: 5/45 [Ijyb/+3 dagger of venom (7)]
  2504 | D:3      | Succumbed to Ijyb's poison

Levels and vault maps discovered:
D:1:      nicolae_arrival_somewhat_less_tricky_arrival, layout_loops_ring,
          basic_ecumenical_altar, minmay_indecisive_spiral
D:2:      minmay_angry_zag, layout_basic
D:3:      layout_rooms, mainiacjoe_overflow_six_doors_small,
          chequers_temple_overflow_statue_of_worship, grunt_decor_one_mirror,
          minmay_close_crescents, uniq_ijyb, uniq_natasha

Skill      XL: |  1  2  3  4  5 |
---------------+----------------+-----
Ranged Weapons | 3 4 5 |  5.4
Fighting       | 2 3 |  3.3
Dodging        | |  2.1
Spellcasting   | |  1.0
Hexes          | |  2.0

Action                     |  1- 3 |  4- 6 || total
---------------------------+-------+-------++-------
   Fire: Sling             |   147 |   134 ||   281
    Use: Scroll            |     5 |     3 ||     8
 Armour: Robe              |     4 |       ||     4
         Leather armour    |     7 |    21 ||    28
  Dodge: Dodged            |    42 |    53 ||    95

Table legend:
 A = Non-vault XP
 B = Vault XP
 C = Vault XP percentage of total XP
 D = Non-vault monster count
 E = Vault monster count
 F = Vault count percentage of total count
                 A         B        C        D         E       F
            +---------+---------+-------+---------+---------+-------
      Total |     189 |      68 |  26.5 |      56 |      18 |  24.3
            +---------+---------+-------+---------+---------+-------
        D:1 |      40 |       7 |  14.9 |      23 |       4 |  14.8
        D:2 |      49 |      14 |  22.2 |      16 |       6 |  27.3
        D:3 |     100 |      47 |  32.0 |      17 |       8 |  32.0
            +---------+---------+-------+---------+---------+-------
